 Dungeon Crawl Stone Soup version 0.21.0-3-g78d12a8 (webtiles) character file.

59 pomescollege the Firebug (level 4, 35/39 HPs)
             Began as an Ogre Fire Elementalist on Jan 17, 2018.
             Quit the game on level 1 of the Dungeon.
             The game lasted 00:05:08 (1586 turns).

pomescollege the Firebug (Ogre Fire Elementalist)   Turns: 1586, Time: 00:05:08

Health: 35/39      AC:  3    Str: 12    XL:     4   Next: 3%
Magic:  7/7        EV: 10    Int: 17    God:
Gold:   64         SH:  0    Dex:  9    Spells: 7/8 levels left

rFire    . . .     SeeInvis .   e - +0 short sword
rCold    . . .     Gourm    .   (no shield)
rNeg     . . .     Faith    .   a - +0 robe
rPois    .         Spirit   .   (helmet restricted)
rElec    .         Reflect  .   (no cloak)
rCorr    .         Harm     .   (gloves unavailable)
MR       .....                  (boots unavailable)
Stlth    +.........             (no amulet)
HPRegen  0.13/turn              (no ring)
MPRegen  0.10/turn              (no ring)

@: no status effects
A: large, unfitting armour, tough skin 1
a: no special abilities


You were on level 1 of the Dungeon.
You were not hungry.

You visited 1 branch of the dungeon, and saw 1 of its levels.

You collected 64 gold pieces.

Inventory:

Hand Weapons
 e - a +0 short sword (weapon)
Armour
 a - a +0 robe (worn)
Scrolls
 g - 2 scrolls of fear {unknown}
 h - a scroll of identify {unknown}
 i - a scroll of random uselessness {unknown}
 j - a scroll of enchant armour {unknown}
Potions
 d - a potion of agility {unknown}
 k - a potion of cancellation {unknown}
Books
 b - a book of Flames

   Spells                             Type                      Level
   a - Flame Tongue                   Conjuration/Fire             1
   b - Throw Flame                    Conjuration/Fire             2
   c - Conjure Flame                  Conjuration/Fire             3
   d - Inner Flame                    Hexes/Fire                   3
   e - Sticky Flame                   Conjuration/Fire             4
   f - Fireball                       Conjuration/Fire             5
Comestibles
 c - 4 rations


   Skills:
 - Level 1.7 Dodging
 - Level 1.4 Stealth
 - Level 2.5 Spellcasting
 + Level 2.3 Conjurations
 + Level 3.5 Fire Magic


You had 7 spell levels left.
You knew the following spells:

 Your Spells              Type           Power        Failure   Level  Hunger
a - Flame Tongue          Conj/Fire      ##...        5%          1    #......


Dungeon Overview and Level Annotations

Branches:
Dungeon (1/15)

Altars:


Innate Abilities, Weirdness & Mutations

You are too large for most types of armour.
You have tough skin. (AC +1)


Message History

You see here a stone.
Things that are here:
a stone; 16 arrows
Things that are here:
3 stones; a kobold corpse Eating a chunk of flesh.
You eat the chunk of flesh.
This raw flesh tastes terrible.
You open the door.
There is an open door here.
You now have 64 gold pieces (gained 7).
You open the door.
There is an open door here.
A frilled lizard comes into view.
A frilled lizard is nearby!
You miss the frilled lizard. The frilled lizard misses you.
The frilled lizard bites you.
You hit the frilled lizard.
You kill the frilled lizard!
No target in view!
Are you sure you want to abandon this character and quit the game? (Confirm with "yes".)

#.# ##'## #.##.. ..# #.#
#...†. ## #.# ####.# ##.##
#.# ##...# #.#
##..##########.#
#########..##..≈§...##>#
........#.##.≈≈§§≈≈≈.#.#
#@...#..≈§§≈≈..###
#.†.#.###...≈...# #######
####### # ############..##
#≈.≈# #. #........##....##
##'## #..
#.######..#....####...####..
#.# #..'....#8#.....#.#.§
#.# ####..'....'.'..<..'.#.§
#.# #.....'....#8#.....#.#..


There were no monsters in sight!

Vanquished Creatures
  A dart slug (D:1)
  2 leopard geckos (D:1)
  3 bats (D:1)
  2 giant cockroaches (D:1)
  7 goblins (D:1)
  6 hobgoblins (D:1)
  12 jackals (D:1)
  A ball python (D:1)
  4 frilled lizards (D:1)
  7 kobolds (D:1)
  A rat (D:1)
46 creatures vanquished.

Notes
Turn   | Place    | Note
-------+----------+-------------------------------------------
     0 | D:1      | pomescollege the Ogre Fire Elementalist began the quest for the Orb.
     0 | D:1      | Reached XP level 1. HP: 16/16 MP: 3/3
   161 | D:1      | Reached skill level 1 in Conjurations
   298 | D:1      | Reached XP level 2. HP: 24/24 MP: 5/5
   321 | D:1      | Reached skill level 3 in Fire Magic
   744 | D:1      | Reached XP level 3. HP: 23/31 MP: 1/6
  1510 | D:1      | Reached XP level 4. HP: 28/39 MP: 5/7
  1586 | D:1      | Quit the game

Skill      XL: |  1  2  3 |
---------------+----------+-----
Conjurations   | 1 2 |  2.3
Fire Magic     | 3 |  3.5
Dodging        | |  1.7
Stealth        | |  1.4
Spellcasting   | |  2.5

Action                   |  1- 3 |  4- 6 || total
-------------------------+-------+-------++-------
Melee: Unarmed           |     8 |       ||     8
       Short sword       |    65 |     2 ||    67
 Cast: Flame Tongue      |    49 |     2 ||    51
 Stab: Sleeping          |     1 |       ||     1
  Eat: Chunk             |     2 |     1 ||     3
Armor: Robe              |    31 |       ||    31
Dodge: Dodged            |    66 |     1 ||    67
